cohdb
Replays
Latest Replays
All Replays
Popular Replays
Top Player Replays
Match Explorer
How It Works
Community
CoH3 Stats
Reddit
Sign in to upload your games and track your stats! →
Sign in with Steam
Match 42812608
Unlisted
Match 42812608
Overview
Messages
Build Orders
End
Kradschützen Motorcycle Team
Selects Panzerjäger Kommand Battlegroup
Panzergrenadier Squad
Selects Mine Fields
Panzergrenadier Squad
Panzergrenadier Squad
Construct Light Support Kompanie
Fire Support Elements
Selects Tank Busters
Flakvierling Half-track
Panzerjäger Mechanized Group
Veteran Squad Leaders
Vehicle Survival Package
Selects Crew Shock Tactics
Crew Shock Tactics
2.5-tonne Medical Truck
Construct Panzerarmee Kommand
K̳itsuné
BlueSkidrow™
ohmygod321
eliass0101
0
0
Comments
sign in to comment!
No comments posted yet!